 Dungeon Crawl Stone Soup version 0.30-a0-772-g5528072125 (webtiles) character file.

Game seed: 2858421974646207995

133 Leeroy the Slasher (level 5, -6/26 HPs)
             Began as a Vine Stalker Warper on Feb 12, 2023.
             Mangled by a gnoll
             ... wielding a +0 flail
              (11 damage)
             ... on level 3 of the Dungeon.
             The game lasted 00:02:46 (2005 turns).

Leeroy the Slasher (Vine Stalker Warper)            Turns: 2005, Time: 00:02:47

Health: -6/26      AC:  4    Str: 14    XL:     5   Next: 16%
Magic:  0/9        EV: 11    Int: 13    God:
Gold:   123        SH:  0    Dex: 15    Spells: 1/8 levels left

rFire   . . .      SeeInvis .    l - +0 long sword
rCold   . . .      Faith    .    (no shield)
rNeg    . . .      Spirit   +    b - +0 leather armour
rPois   .          Reflect  .    (no helmet)
rElec   .          Harm     .    (no cloak)
rCorr   .          Rampage  .    k - +0 pair of gloves
Will    .....                    (no boots)
Stlth   +                        (no amulet)
HPRegen 1.04/turn                (no ring)
MPRegen 0.11/turn                (no ring)

@: no status effects
A: fangs 2, regeneration 1, magic shield, antimagic bite, no potion heal 2
a: no special abilities


You were on level 3 of the Dungeon.
You visited 1 branch of the dungeon, and saw 3 of its levels.

You collected 123 gold pieces.

Inventory:

Hand Weapons
 a - a +0 falchion
 l - a +0 long sword (weapon)
 r - the +5 mace "Riexite" {heavy, rN+ Str+3 Dex+3 Stlth+}
   (You found it on level 2 of the Dungeon)

   Str:       It affects your strength (+3).
   Dex:       It affects your dexterity (+3).
   rN:        It protects you from negative energy.
   Stlth:     It makes you more stealthy.
Missiles
 d - 7 boomerangs of dispersal (quivered)
 o - 3 atropa-tipped darts
Armour
 b - a +0 leather armour (worn)
 k - a +0 pair of gloves (worn)
Magical Staves
 i - a staff of earth
Scrolls
 e - a scroll of teleportation {unknown}
 g - a scroll of butterflies {unknown}
 h - a scroll of torment {unknown}
 j - a scroll of silence {unknown}
 m - a scroll of enchant weapon {unknown}
 q - a scroll of vulnerability {unknown}
Potions
 c - a potion of lignification {unknown}
 f - 2 potions of curing {unknown}
 n - 2 potions of might {unknown}
 p - a potion of invisibility {unknown}
 s - a potion of resistance {unknown}


   Skills:
 - Level 1.7 Fighting
 + Level 4.7 Long Blades
 - Level 0.8 Throwing
 - Level 0.7 Armour
 - Level 1.5 Dodging
 - Level 2.1 Spellcasting
 - Level 3.0 Translocations


You had one spell level left.
You knew the following spells:

 Your Spells              Type           Power      Damage    Failure   Level
a - Blink                 Tloc           18%        N/A       14%         2
b - Vhi's Electric Charg  Tloc/Air       10%        N/A       45%         3
c - Wereblood             Tmut           1%         N/A       43%         2

Your spell library contained the following spells:

 Spells                   Type           Power      Damage    Failure   Level
 Lesser Beckoning         Tloc           18%        N/A       14%         2
 Teleport Other           Tloc           9%         N/A       28%         3
 Sublimation of Blood     Necr           1%         N/A       43%         2
 Manifold Assault         Tloc           9%         N/A       67%         4
 Summon Hydra             Summ           0%         N/A       100%        7


Dungeon Overview and Level Annotations

Branches:
Dungeon (3/15)

Altars:
Zin

Shops:
D:1 (


Innate Abilities, Weirdness & Mutations

You have extremely sharp teeth.
Your natural rate of healing is unusually fast.
When hurt, damage is shared between your health and your magic reserves.
Your bite disrupts and absorbs the magic of your enemies.
Potions cannot restore your health.


Message History

You slash the gnoll!
You kill the gnoll!
You have reached level 5!
You hit the frilled lizard.
You kill the frilled lizard!
You barely miss the gnoll. Your bite misses the gnoll.
The gnoll hits you with a +0 flail!
You barely miss the gnoll. The gnoll closely misses you.
The gnoll hits you with a +0 flail.
You hit the gnoll but do no damage. Your punch misses the gnoll.
Your bite misses the gnoll. The gnoll closely misses you.
You hit the gnoll but do no damage. Your bite misses the gnoll.
The gnoll closely misses you.
You slash the gnoll! You bite the gnoll. You drain its power.
You feel invigorated.
The gnoll is severely wounded.
The gnoll barely misses you.
You barely miss the gnoll.
The gnoll is severely wounded.
The gnoll hits you with a +0 flail.
You hit the gnoll but do no damage. You bite the gnoll.
You kill the gnoll!
You hit the gnoll. You bite the gnoll. You drain its power.
You feel invigorated.
The gnoll is moderately wounded.
The gnoll hits you with a +0 flail. x2
You barely miss the gnoll. You bite the gnoll. You drain its power.
You feel invigorated.
The gnoll is moderately wounded.
The gnoll hits you with a +0 flail!
* * * LOW HITPOINT WARNING * * *
You closely miss the gnoll.
The gnoll is moderately wounded.
The gnoll hits you with a +0 flail.
* * * LOW HITPOINT WARNING * * *
You barely miss the gnoll. You bite the gnoll. You drain its power.
You feel invigorated.
The gnoll is heavily wounded.
The gnoll hits you with a +0 flail!
You die...

#.
#.##.#.##.......
#.
#......##.......
... #.#.
#.####....######
... #.#. #.#
###### #..#.#!
#.#
#..#...###.#.#
#..........#.#
..#.##.##.####.#
..........)g@..#
##.#...########
#.........#
#.?..####.#
#....# #....#
.....# ##.#...
#.#.#.


You could see a gnoll.

Vanquished Creatures
  Terence (D:2)
  2 gnolls (D:3)
  5 adders (D:2)
  A worm (D:2)
  A dart slug (D:1)
  3 ball pythons (D:1)
  4 bats
  3 endoplasms
  3 goblins (D:1)
  3 hobgoblins
  3 quokkas (D:1)
  8 frilled lizards
  3 kobolds
  2 rats (D:1)
42 creatures vanquished.

Notes
Turn   | Place    | Note
-------+----------+-------------------------------------------
     0 | D:1      | Leeroy the Vine Stalker Warper began the quest for the Orb.
     0 | D:1      | Reached XP level 1. HP: 11/11 MP: 4/4
    42 | D:1      | Reached skill level 2 in Long Blades
   156 | D:1      | Reached XP level 2. HP: 15/15 MP: 6/6
   237 | D:1      | Found Zeyqe's Antique Weapon Shoppe.
   385 | D:1      | Reached skill level 3 in Long Blades
   553 | D:1      | Reached XP level 3. HP: 17/18 MP: 5/7
  1159 | D:2      | Gained mutation: Your natural rate of healing is unusually
                  | fast. [Vine Stalker growth]
  1159 | D:2      | Reached XP level 4. HP: 22/23 MP: 8/8
  1222 | D:2      | Found a glowing silver altar of Zin.
  1226 | D:2      | Reached skill level 4 in Long Blades
  1268 | D:2      | Learned a level 2 spell: Blink
  1272 | D:2      | Learned a level 3 spell: Vhi's Electric Charge
  1275 | D:2      | Learned a level 2 spell: Wereblood
  1308 | D:2      | Noticed Terence
  1309 | D:2      | Identified the +5 mace "Riexite" {heavy, rN+ Str+3 Dex+3
                  | Stlth+}
  1389 | D:2      | Killed Terence
  1993 | D:3      | Reached XP level 5. HP: 23/26 MP: 6/9
  2005 | D:3      | Mangled by a gnoll

Illustrated notes

Levels and vault maps discovered:
D:1:      lemuel_arrival_behind_the_door_small, layout_loops_ring, serial_shops,
          shop, chequers_serial_rivers_room_a
D:2:      layout_loops_ring, basic_altar, kennysheep_flooded_box, uniq_terence
D:3:      layout_basic, minmay_goblin_outpost

Skill      XL: |  1  2  3  4 |
---------------+-------------+-----
Long Blades    | 2 3 4 |  4.7
Fighting       | |  1.7
Throwing       | |  0.8
Armour         | |  0.7
Dodging        | |  1.5
Spellcasting   | |  2.1
Translocations | |  3.0

Action                     |  1- 3 |  4- 6 || total
---------------------------+-------+-------++-------
  Melee: Falchion          |    74 |       ||    74
         Bite              |    17 |    21 ||    38
         Long sword        |    19 |    64 ||    83
         Mace              |       |     4 ||     4
    Use: Scroll            |       |     1 ||     1
   Stab: Sleeping          |     3 |       ||     3
 Armour: Leather armour    |    26 |    18 ||    44
  Dodge: Dodged            |    60 |    41 ||   101

Table legend: (Time is in decaauts)
 A = Elapsed time spent in this place.
 B = Non-inter-level travel time spent in this place.
 C = Inter-level travel time spent in this place.
 D = Time resting spent in this place.
 E = Time spent auto-exploring this place.
 F = Levels seen in this place.
 G = Mean time per level.
                   A        B        C        D        E       F      G
               +--------+--------+--------+--------+--------+-----+--------+
         Total |   2034 |   1932 |    102 |      0 |   1465 |   3 |  678.0 |
       Dungeon |   2034 |   1932 |    102 |      0 |   1465 |   3 |  678.0 |
               +--------+--------+--------+--------+--------+-----+--------+

Top non-repeatable levels by time:
     D:2: 1004 daAuts
     D:1: 917 daAuts
     D:3: 112 daAuts
